 Dungeon Crawl Stone Soup version 0.29.0-7-g18a832c13a (webtiles) character file.

Game seed: 8649854916007288961

3263 gelatine the Chopper (level 9, -2/67 HPs)
             Began as a Demonspawn Arcane Marksman on Aug 31, 2022.
             Was a Follower of Ashenzari.
             Slain by a two-headed ogre
             ... wielding a +0 giant club
              (21 damage)
             ... on level 8 of the Dungeon.
             The game lasted 00:41:00 (9170 turns).

gelatine the Chopper (Demonspawn Arcane Marksman)   Turns: 9170, Time: 00:41:01

Health: -2/67      AC: 19    Str: 14    XL:     9   Next: 68%
Magic:  14/14      EV: 11    Int: 16    God:    Ashenzari [*.....]
Gold:   291        SH:  5    Dex: 15    Spells: 11/15 levels left

rFire   + . .      SeeInvis .   a - +1 sling
rCold   + . .      Faith    .   i - +0 buckler
rNeg    . . .      Spirit   .   v - +7 Kryia's mail coat {PotionHeal*2 rC+}
rPois   .          Reflect  .   n - +0 helmet of Ashenzari's Portent {Comp, Cun} (curse)
rElec   .          Harm     .   x - +0 cloak of the Bound Idealism {Cun, Range} (curse)
rCorr   +          Rampage  .   (no gloves)
Will    .....                   f - +0 pair of boots
Stlth   ++........              e - amulet of the acrobat
HPRegen 0.21/turn               o - ring of resist corrosion
MPRegen 0.14/turn               O - ring of wizardry

@: no status effects
A: icy blue scales 1, demonic guardian 2, foul stench 1, thin skeletal structure
1, fire resistance 1, mutation resistance 1
a: Renounce Religion, Shatter the Chains


You were on level 8 of the Dungeon.
You worshipped Ashenzari.
Ashenzari was aware of your devotion.
You visited 2 branches of the dungeon, and saw 9 of its levels.

You collected 291 gold pieces.

Inventory:

Hand Weapons
 a - a +1 sling (weapon)
 b - a +4 whip
 y - a +1 hand axe of draining
 G - a +0 shortbow
 P - a +1 dagger of chaos
 Q - a +2 vampiric dagger
Missiles
 w - 4 boomerangs
 z - a curare-tipped dart
 A - 26 poisoned darts
 J - a throwing net
Armour
 c - a +0 robe
 f - a +0 pair of boots (worn)
 i - a +0 buckler (worn)
 n - the cursed +0 helmet of Ashenzari's Portent (worn) {Comp, Cun}
   (You found it on level 1 of the Dungeon)

   It has a curse which improves the following skills: Companions: Summonings
   and Necromancy.
   Cunning:   Dodging and Stealth.
 v - the +7 Kryia's mail coat (worn) {PotionHeal*2 rC+}
   (You found it on level 2 of the Dungeon)

   Potions are twice as effective at healing its wearer.
   rC:        It protects you from cold.
 x - the cursed +0 cloak of the Bound Idealism (worn) {Cun, Range}
   (You found it on level 3 of the Dungeon)

   It has a curse which improves the following skills: Cunning: Dodging and
   Stealth.
   Ranged Combat: Ranged Weapons and Throwing.
Jewellery
 e - an amulet of the acrobat (around neck)
 o - a ring of resist corrosion (left hand)
 K - a ring of positive energy
 O - a ring of wizardry (right hand)
Wands
 l - a wand of digging (5)
 I - a wand of roots (11)
 M - a wand of flame (10)
Scrolls
 d - a scroll of amnesia
 k - 3 scrolls of enchant armour
 r - a scroll of torment
 t - 4 scrolls of immolation
 u - 5 scrolls of teleportation
 B - 2 scrolls of vulnerability
 E - 2 scrolls of enchant weapon
 L - 2 scrolls of fog
Potions
 g - a potion of attraction
 h - 2 potions of ambrosia
 j - 3 potions of brilliance
 m - 3 potions of invisibility
 p - 3 potions of flight
 s - 4 potions of curing
 C - a potion of berserk rage
 D - 2 potions of mutation
 F - a potion of magic


   Skills:
 + Level 4.9 Fighting
 + Level 0.8 Short Blades
 + Level 5.3(5.6) Axes
 + Level 2.9(4.5) Maces & Flails
 + Level 4.3(5.1) Ranged Weapons
 + Level 1.4(2.1) Throwing
 + Level 4.2 Armour
 + Level 4.0(5.2) Dodging
 + Level 0.9(1.7) Stealth
 + Level 3.2 Shields
 + Level 3.5 Spellcasting
 + Level 5.0 Hexes


You had 11 spell levels left.
You knew the following spells:

 Your Spells              Type           Power      Damage    Failure   Level
a - Slow                  Hex            72%        N/A       4%          1
b - Portal Projectile     Hex/Tloc       20%        N/A       36%         3

Your spell library contained the following spells:

 Spells                   Type           Power      Damage    Failure   Level
 Inner Flame              Hex/Fire       10%        N/A       36%         3
 Cause Fear               Hex            9%         N/A       41%         4
 Animate Armour           Summ/Erth      4%         N/A       96%         4
 Blade Hands              Tmut           1%         N/A       100%        5
 Iron Shot                Conj/Erth      1%         9d1       100%        6


Dungeon Overview and Level Annotations

Branches:
Dungeon (8/15)             Temple (1/1) D:5
   Lair: D:8-11

Altars:
Ashenzari
Cheibriados
Dithmenos
Fedhas
Hepliaklqana
Makhleb
Nemelex Xobeh
Okawaru
Qazlal
Ru
Sif Muna
Trog
Uskayaw
Vehumet
Wu Jian
Xom
Yredelemnul

Shops:
D:4 [   D:6 *(*

Annotations:
D:8 Maggie


Innate Abilities, Weirdness & Mutations

You are partially covered in icy blue scales. (AC +2)
A demonic guardian rushes to your aid.
You may rarely emit foul miasma when damaged in melee.
You have a somewhat thin skeletal structure. (Dex +2, Stealth+)
Your flesh is heat resistant. (rF+)
You are somewhat resistant to further mutation.


Message History

Read: scroll of fear
Press: ? - help, Q - select action, (/) - cycle Dir - look around, f - activate Look: a two-headed ogre, wielding a +0 giant club and a +0 giant spiked club (slow, chance to affect: 90%)
As you read the scroll of fear, it crumbles to dust.
You assume a fearsome visage.
Maggie looks frightened!
The killer bee looks frightened!
The two-headed ogre looks frightened!
You are no longer entranced.
An orc comes into view. It is wielding a +0 short sword.
Really read the scroll of poison?
Okay, then.
Unknown command.
A killer bee comes into view. x2
Read: scroll of poison
Press: ? - help, Q - select action, (/) - cycle Dir - look around, f - activate Look: a two-headed ogre, wielding a +0 giant club and a +0 giant spiked club (fleeing, slow)
The air fills with toxic fumes!
As you read the scroll of poison, it crumbles to dust.
Maggie starts to cry.
a - a +1 sling (weapon)
Maggie is engulfed in poison gas.
Maggie is poisoned.
Aiming: Throw Flame
Press: ? - help, Q - select action, (/) - cycle Shift-Dir - straight line, f/p - two-headed ogre
Aim: a two-headed ogre, wielding a +0 giant club and a +0 giant spiked club (poison gas, fleeing, slow, 85% to hit)
The puff of flame hits the two-headed ogre!
The two-headed ogre is lightly wounded.
Your attack snaps the two-headed ogre out of its fear.
The two-headed ogre is poisoned.
Maggie is engulfed in poison gas.
Maggie looks even sicker.
You are too injured to fight recklessly!
Fire: a) +1 sling
Press: ? - help, Q - select action, (/) - cycle Shift-Dir - straight line, f/p - two-headed ogre
Aim: a two-headed ogre, wielding a +0 giant club and a +0 giant spiked club (lightly wounded, poisoned, slow, 76% to hit)
You shoot a sling bullet.
The sling bullet hits the two-headed ogre.
The two-headed ogre is lightly wounded.
The two-headed ogre is engulfed in poison gas.
The two-headed ogre looks even sicker.
The two-headed ogre hits you with a +0 giant club!!
You die...

##.§§§###§ §
#§§§§§§§§ §§
#§§§§§§§# #
8§§#§§§.§§§##§#
8§§§§§§§§§§§§§#
§§§§§§§§§§§§§§§
#§#§§§§§§§§§§§§
§§§§§.§@§§§§#
§§§§§§O§§§§§§#
§§§§§§#§§§§§§§§
y§§§§##§§§§§###
y§o§§ §§§§§§§§
§§§§ §§§§§§§§§
§§§ §§§§§§§§§
### §§§§§§#§§§


You could see a two-headed ogre (very poisoned, slow), 2 killer bees and an orc.

Vanquished Creatures
  Prince Ribbit (D:6)
  Grinder (D:6)
  Sigmund (D:5)
  Eustachio (D:5)
  Duvessa (D:6)
  A black bear (D:7)
  An ice beast (D:5)
  3 centaurs
  Blork the orc (D:5)
  A kobold brigand (D:7)
  A scorpion (D:5)
  3 bullfrogs
  A necrophage (D:5)
  2 crimson imps (D:6)
  A jelly (D:7)
  2 hounds
  An orc priest (D:7)
  A gnoll bouda (D:5)
  An iguana (D:7)
  4 orc wizards
  6 gnolls (D:5)
  9 adders
  A white imp (D:7)
  4 worms
  4 dart slugs
  26 orcs
  10 ball pythons
  4 bats
  6 endoplasms
  3 giant cockroaches
  8 goblins
  8 hobgoblins
  4 jackals (D:5)
  4 quokkas
  4 frilled lizards
  11 kobolds
  4 rats
145 creatures vanquished.

Vanquished Creatures (collateral kills)
  Pikel (D:6)
  A steam dragon (D:6)
  A centaur (D:7)
  A kobold brigand (D:7)
  Dowan (D:6)
  2 crimson imps (D:6)
  An orc priest (D:7)
  3 gnolls (D:5)
  6 orcs (D:7)
  A kobold (D:7)
18 creatures vanquished.

Vanquished Creatures (others)
  2 orc wizards (D:7)
2 creatures vanquished.

Grand Total: 165 creatures vanquished

Notes
Turn   | Place    | Note
-------+----------+-------------------------------------------
     0 | D:1      | gelatine the Demonspawn Arcane Marksman began the quest for
                  | the Orb.
     0 | D:1      | Reached XP level 1. HP: 15/15 MP: 2/2
   274 | D:1      | Gained mutation: You are partially covered in icy blue
                  | scales. (AC +2) [demonic ancestry]
   274 | D:1      | Reached XP level 2. HP: 21/21 MP: 0/3
  1174 | D:2      | Reached XP level 3. HP: 26/26 MP: 2/4
  1772 | D:2      | Gained mutation: You may rarely emit foul miasma when
                  | damaged in melee. [demonic ancestry]
  1772 | D:2      | Reached XP level 4. HP: 31/32 MP: 1/5
  1957 | D:2      | Found a faded altar of an unknown god.
  2142 | D:2      | Found the +7 Kryia's mail coat {PotionHeal*2 rC+}
  2796 | D:3      | Found a snail-covered altar of Cheibriados.
  2977 | D:4      | Gained mutation: A weak demonic guardian rushes to your
                  | aid. [demonic ancestry]
  2977 | D:4      | Reached XP level 5. HP: 36/37 MP: 7/7
  3000 | D:4      | Found Plog's Armour Emporium.
  3234 | D:4      | Found a shadowy altar of Dithmenos.
  3698 | D:5      | Entered Level 5 of the Dungeon
  3741 | D:5      | Reached skill level 1 in Armour
  3808 | D:5      | Found a shimmering blue altar of Sif Muna.
  3829 | D:5      | Reached XP level 6. HP: 18/46 MP: 8/8
  3842 | D:5      | Reached skill level 1 in Axes
  4052 | D:5      | Noticed Blork the orc
  4066 | D:5      | Killed Blork the orc
  4162 | D:5      | Noticed Eustachio
  4246 | D:5      | Killed Eustachio
  4247 | D:5      | Reached skill level 1 in Throwing
  4247 | D:5      | Reached XP level 7. HP: 37/51 MP: 7/9
  4410 | D:5      | Reached skill level 1 in Shields
  4755 | D:5      | Found a staircase to the Ecumenical Temple.
  4763 | Temple   | Entered the Ecumenical Temple
  4901 | Temple   | Became a worshipper of Ashenzari the Shackled
  4997 | D:5      | Noticed Sigmund
  5010 | D:5      | Killed Sigmund
  5011 | D:5      | Gained mutation: A demonic guardian rushes to your aid.
                  | [demonic ancestry]
  5011 | D:5      | Reached XP level 8. HP: 54/58 MP: 8/11
  5264 | D:6      | Noticed Grinder
  5291 | D:6      | Paralysed by Grinder for 4 turns
  5304 | D:6      | Killed Grinder
  5378 | D:6      | Found Harumatall's General Store.
  5494 | D:6      | Found Heorghumei's Weapon Shoppe.
  5506 | D:6      | HP: 2/59 [steam dragon] (2)]
  5961 | D:6      | Found Viyzapp's Assorted Antiques.
  5978 | D:6      | Noticed Duvessa
  5978 | D:6      | Noticed Dowan
  6001 | D:6      | Killed Duvessa
  6021 | D:6      | Killed Dowan
  6309 | D:6      | Noticed Pikel
  6348 | D:6      | Killed Pikel
  6349 | D:6      | Reached skill level 5 in Axes
  6349 | D:6      | Reached XP level 9. HP: 12/65 MP: 13/13
  6826 | D:6      | Noticed Prince Ribbit
  6863 | D:6      | Killed Prince Ribbit
  6948 | D:6      | Learned a level 3 spell: Portal Projectile
  7057 | D:6      | Found a shimmering altar of Xom.
  7154 | D:6      | Paralysed by a crimson imp for 4 turns
  7561 | D:6      | Reached skill level 1 in Maces & Flails
  8075 | D:7      | Reached * piety under Ashenzari
  8076 | D:7      | Gained mutation: Your flesh is heat resistant. (rF+)
                  | [potion of mutation]
  8076 | D:7      | Gained mutation: You have a somewhat thin skeletal
                  | structure. (Dex +2, Stealth+) [potion of mutation]
  8076 | D:7      | Gained mutation: You are somewhat resistant to further
                  | mutation. [potion of mutation]
  8899 | D:7      | Reached skill level 5 in Hexes
  9151 | D:8      | Noticed a two-headed ogre
  9153 | D:8      | Noticed Maggie
  9170 | D:8      | Slain by a two-headed ogre

Illustrated notes

Levels and vault maps discovered:
D:1:      evilmike_arrival_crescent, layout_loops_corners,
          corexii_item_surrounded_by_moat, minmay_octomino_c4
D:2:      layout_loops_cross, dreamdust_ecumenical_altar_sealed_demon
D:3:      layout_basic, slow_altar_1, chequers_serial_rivers_micro_c
D:4:      layout_basic, lemuel_round_altar, serial_shops, shop
D:5:      layout_loops_ring, nicolae_overflow_crystal_walls,
          minmay_temple_entry_statues, uniq_blork_the_orc, uniq_sigmund,
          uniq_eustachio
D:6:      layout_basic, led_xom_imps, serial_shops, shop, shop, shop_statue,
          minmay_misc_feat_rugged, grunt_decor_arrowhead, bh_walls_and_bars,
          uniq_duvessa, uniq_pikel, uniq_grinder, uniq_prince_ribbit1
D:7:      layout_loops_cross, minmay_crossroads
D:8:      layout_cave_pools, elyvilon_altar_4, hellmonk_bongcloud_opening,
          uniq_joseph, uniq_maggie
Temple:   nicolae_temple_superstar

Skill      XL: |  1  2  3  4  5  6  7  8  9 |
---------------+----------------------------+-----
Ranged Weapons | 2 3 4 |  4.3
Dodging        | 2 3 4 |  4.0
Fighting       | 2 3 4 |  4.9
Armour         | 1 2 3 4 |  4.2
Axes           | 2 3 5 |  5.3
Throwing       | 1 |  1.4
Shields        | 1 2 3 |  3.2
Spellcasting   | 2 3 |  3.5
Hexes          | 4 5 |  5.0
Maces & Flails | 2 |  2.9
Short Blades   | |  0.8
Stealth        | |  0.9

Action                   |  1- 3 |  4- 6 |  7- 9 || total
-------------------------+-------+-------+-------++-------
Melee: Hand axe          |       |   150 |   227 ||   377
       Whip              |       |       |   141 ||   141
       Dagger            |       |       |    62 ||    62
 Fire: Sling             |   124 |   125 |    83 ||   332
Throw: Boomerang         |       |    12 |       ||    12
       Dart              |       |     2 |       ||     2
       Throwing net      |       |     1 |     1 ||     2
 Cast: Slow              |    39 |     8 |    47 ||    94
Invok: Curse Item        |       |       |     2 ||     2
Evoke: Wand              |       |       |     1 ||     1
  Use: Scroll            |       |     6 |    10 ||    16
       Potion            |       |       |     2 ||     2
Armor: Robe              |    24 |     1 |       ||    25
       Scale mail        |       |   174 |   252 ||   426
Dodge: Dodged            |    29 |   114 |   246 ||   389
Block: Buckler           |       |    23 |    94 ||   117
